 Dungeon Crawl Stone Soup version 0.23.2-1-ga50397a6bc (webtiles) character file.

Game seed: 5837082475303455863

64831 Jannitor the Warrior (level 15, -10/170 HPs)
             Began as an Ogre Wizard on May 3, 2019.
             Was a High Priest of Okawaru.
             Mangled by a deep elf sorcerer simulacrum (40 damage)
             ... led by a necromancer
             ... on level 1 of the Depths.
             The game lasted 02:03:56 (36936 turns).

Jannitor the Warrior (Ogre Wizard)                 Turns: 36936, Time: 02:03:58

Health: -10/170    AC: 13    Str: 23    XL:     15   Next: 14%
Magic:  25/27      EV: 22    Int: 23    God:    Okawaru [*****.]
Gold:   495        SH:  0    Dex: 12    Spells: 7/36 levels left

rFire    + . .     SeeInvis .   v - +3 broad axe (elec)
rCold    . . .     Gourm    .   (no shield)
rNeg     . . .     Faith    .   W - +1 acid dragon scales
rPois    .         Spirit   .   m - +2 hat {MR+}
rElec    .         Reflect  .   (no cloak)
rCorr    +         Harm     .   (gloves unavailable)
MR       ++...                  (boots unavailable)
Stlth    ++++......             I - amulet of magic regeneration
HPRegen  1.38/turn              (no ring)
MPRegen  0.45/turn              U - +4 ring of evasion

@: mighty, agile, heroism, regenerating, hasted, very quick
A: large, unfitting armour, antennae 1, fire resistance 1, low mp 1, strong 1,
tough skin 1
a: Heroism, Finesse, Renounce Religion


You were on level 1 of the Depths.
You worshipped Okawaru.
Okawaru was extremely pleased with you.
You were not hungry.

You visited 4 branches of the dungeon, and saw 19 of its levels.
You visited 1 bazaar.
You also visited: Bailey.

You collected 1876 gold pieces.
You spent 1381 gold pieces at shops.

Inventory:

Hand Weapons
 v - a +3 broad axe of electrocution (weapon)
 O - the +7 lajatang of Order {silver, rMut}
   (Okawaru gifted it to you on level 13 of the Dungeon)

   It protects you from mutation.
 P - the +9 war axe of the Queen {flame, rPois rF+ MR-}
   (You found it on level 13 of the Dungeon)

   It has been specially enchanted to burn those struck by it, causing extra
   injury to most foes and up to half again as much damage against particularly
   susceptible opponents.
   Big, fiery blades are also staple armaments of hydra-hunters.
   It protects you from fire.
   It protects you from poison.
   It affects your resistance to hostile enchantments.
 T - a +5 morningstar of protection
 X - a +0 broad axe of venom
Missiles
 e - 552 stones
 k - 7 poisoned tomahawks (quivered)
 C - 4 throwing nets
Armour
 g - a scarf of repulsion
 m - a +2 hat of magic resistance (worn)
 t - the +0 cloak "Suedun" {*Contam Dex+5}
   (You bought it in a shop on level 2 of the Orcish Mines)

   It affects your dexterity (+5).
   It causes magical contamination when unequipped.
 B - a +1 troll leather armour
 R - a +2 cloak of magic resistance
 W - +1 acid dragon scales (worn)
Jewellery
 n - an uncursed ring of fire
 A - an uncursed ring of ice
 E - an uncursed amulet of faith
 I - an amulet of magic regeneration (around neck)
 S - an uncursed amulet of guardian spirit
 U - a +4 ring of evasion (right hand)
Wands
 b - a wand of polymorph (34)
 z - a wand of scattershot (3)
 D - a wand of iceblast (16)
 G - a wand of flame (23)
 J - a wand of random effects (17)
 L - a wand of enslavement (3)
 N - a wand of paralysis (2)
 Q - a wand of acid (3)
Scrolls
 a - 4 scrolls of identify
 c - 3 scrolls of teleportation
 i - 10 scrolls of remove curse
 o - a scroll of enchant weapon
 q - 2 scrolls of noise
 y - 4 scrolls of amnesia
 K - 3 scrolls of immolation
 V - a scroll of vulnerability
 Y - a scroll of blinking
 Z - a scroll of summoning
Potions
 f - 2 potions of magic
 h - a potion of mutation
 p - 2 potions of brilliance
 r - 3 potions of flight
 x - 2 potions of lignification
Miscellaneous
 l - a fan of gales
Comestibles
 d - 9 rations


   Skills:
 + Level 16.0(21.0) Fighting
 + Level 10.5(15.5) Axes
 - Level 5.5(10.5) Staves
 - Level 7.3(12.3) Armour
 + Level 3.6(8.6) Dodging
 - Level 1.4(6.4) Stealth
 - Level 11.3 Spellcasting
 - Level 6.2 Conjurations
 - Level 1.5 Charms
 - Level 3.9 Summonings
 - Level 5.4 Necromancy
 - Level 0.8 Translocations
 + Level 2.7 Transmutations
 - Level 3.7 Air Magic
 - Level 9.8 Invocations


You had 7 spell levels left.
You knew the following spells:

 Your Spells              Type           Power        Failure   Level  Hunger
a - Magic Dart            Conj           ####         1%          1    None
b - Blink                 Tloc           N/A          6%          2    None
c - Call Imp              Summ           ####....     1%          2    None
d - Slow                  Hex            ##......     9%          2    None
e - Conjure Flame         Conj/Fire      ####....     4%          3    None
f - Mephitic Cloud        Conj/Pois/Air  ####....     4%          3    None
g - Animate Skeleton      Necr           N/A          1%          1    None
h - Regeneration          Chrm/Necr      ####......   4%          3    None
i - Vampiric Draining     Necr           #####.....   1%          3    None
j - Animate Dead          Necr           N/A          6%          4    None
k - Irradiate             Conj/Tmut      ####......   26%         5    ####...

Your spell library contained the following spells:

 Spells                   Type           Power        Failure   Level  Hunger
 Pain                     Necr           ####         1%          1    None
 Sublimation of Blood     Necr           #####.....   1%          2    None
 Confusing Touch          Hex            ##....       6%          1    None
 Gell's Gravitas          Tloc           ###.......   12%         3    None
 Ignite Poison            Fire/Tmut/Pois ###.....     12%         3    None
 Confuse                  Hex            ##......     19%         3    None
 Petrify                  Tmut/Erth      ###.....     32%         4    None
 Alistair's Intoxication  Tmut/Pois      ###.....     67%         5    ####...
 Yara's Violent Unravell  Hex/Tmut       ###.......   67%         5    ####...
 Metabolic Englaciation   Hex/Ice        ##........   86%         5    ####...


Dungeon Overview and Level Annotations

Branches:
Dungeon (15/15)            Temple (1/1) D:5            Lair (0/6) D:11
    Orc (2/2) D:12            Elf (0/3) Orc:2        Vaults (0/5) D:14
 Depths (1/5) D:15

Altars:
Ashenzari
Cheibriados
Dithmenos
Elyvilon
Fedhas
Gozag
Hepliaklqana
Kikubaaqudgha
Makhleb
Nemelex Xobeh
Okawaru
Qazlal
Ru
Sif Muna
Trog
Uskayaw
Vehumet
Wu Jian
Xom
Yredelemnul
Zin
The Shining One
Beogh

Shops:
D:6 =   D:13 (   Orc:1 *   Orc:2 *[:(

Portals:
Trove: D:15 (give +6 demon blade)

Annotations:
D:9 2 transporters, Alannah's ghost, novice MiMo
D:14 3 runed translucent doors, Revguard's ghost, journeyman HOFi
D:15 exclusion: Roxanne, Roxanne


Innate Abilities, Weirdness & Mutations

You are too large for most types of armour.
You have tough skin. (AC +1)
You have a pair of small antennae on your head.
Your flesh is heat resistant. (rF+)
Your magical capacity is low. (-10% MP)
Your muscles are strong. (Str +2)


Message History

Your skin crawls.
The deep elf sorcerer simulacrum hits you.
The deep elf sorcerer simulacrum freezes you!!
* * * LOW HITPOINT WARNING * * *
Unknown command.
You barely miss the deep elf sorcerer simulacrum.
Unknown command.
You barely miss the deep elf sorcerer simulacrum.
The deep elf sorcerer simulacrum hits you but does no damage.
Unknown command.
You barely miss the deep elf sorcerer simulacrum.
Unknown command.
You barely miss the deep elf sorcerer simulacrum.
Unknown command.
You slice the deep elf sorcerer simulacrum!!
The deep elf sorcerer simulacrum is severely damaged.
The deep elf sorcerer simulacrum hits you.
* * * LOW HITPOINT WARNING * * *
The deep elf sorcerer simulacrum freezes you!!!
You die...

**,,,,,,, **,,,,,,,,
*#.,,,,,,,, ######*
*#...,,,,,,, ******.....*
*#....,,,,,,, *,,,,,,Z...*
*#.....,,,,,,, *,***,**#§§*
##......,,,,,,,
*,*,,,,,#.§####§....#**,,,,,,
*,*,,,>.#§ZZ@§§....#* **,,,,,
*,,,......c##).....# *,,,,,
*,*,....#§.#§......## **,,,,,
*,*,...,#...........###..h...
*,**#,**#......($...........,
*,,,,,,....................#.
***,**##..O................#.
*,**#....................#.
*,,,.......................


You could see a yaktaur, a deep elf sorcerer simulacrum and a titan skeleton.

Vanquished Creatures
  Gastronok (D:8)
  An orc warlord (Orc:1)
  A very ugly thing (Depths:1)
  The ghost of Naseomeu the Party-goer, a journeyman DDFi of Uskayaw (Orc:1)
  Nessos (D:15)
  Azrael (Orc:1)
  An ettin (D:12)
  Josephine (D:12)
  Harold (D:7)
  A vault guard (D:15)
  Erolcha (Orc:2)
  3 hydras
  6 centaur warriors
  An ogre mage (Depths:1)
  A death knight (D:11)
  6 two-headed ogres
  An orc high priest (Orc:2)
  A deep elf knight (D:14)
  4 skeletal warriors
  An unseen horror (D:12)
  A glowing orange brain (D:15)
  2 wolf spider zombies (D:15)
  2 phantasmal warriors
  A necromancer (Depths:1)
  7 orc knights
  2 orc sorcerers (Orc:1)
  17 ugly things
  A shining eye (shapeshifter) (D:15)
  22 slime creatures
  A deep elf mage (D:14)
  6 cyclopes
  2 manticores
  An elephant (D:11)
  4 centaur skeletons (D:14)
  A gargoyle (D:10)
  A freezing wraith (D:11)
  A yaktaur (shapeshifter) (D:15)
  8 trolls
  A hornet (D:15)
  A frost giant simulacrum (Depths:1)
  3 hippogriffs
  5 wraiths
  A shadow (D:14)
  A yak (D:11)
  3 fire elementals (Orc:1)
  A basilisk (D:11)
  A golden eye (shapeshifter) (Depths:1)
  A warg (shapeshifter) (D:15)
  2 vampire mosquitoes (D:13)
  4 hungry ghosts
  Menkaure (D:6)
  A warg (Orc:2)
  An acid dragon (D:15)
  2 water moccasins (D:10)
  2 soldier ants
  2 hell hounds
  26 orc warriors
  2 phantoms
  A black bear (D:10)
  A hornet zombie (D:15)
  4 ice beasts
  5 sky beasts
  2 necrophages
  5 centaurs
  7 ogres
  A crocodile (D:11)
  Blork the orc (Orc:2)
  9 bullfrogs
  2 big kobolds
  A wyvern skeleton (D:6)
  3 scorpions
  4 killer bees
  12 wights
  6 howler monkeys
  A bullfrog zombie (D:10)
  9 crimson imps
  6 jellies
  A centaur zombie (D:5)
  4 hounds
  15 orc priests
  Crazy Yiuf (D:4)
  A bullfrog skeleton (D:4)
  An iguana (D:8)
  Natasha (D:2)
  25 orc wizards
  9 worker ants
  A howler monkey zombie (D:8)
  A worker ant zombie (D:6)
  8 adders
  7 gnolls
  A howler monkey skeleton (D:6)
  2 shadow imps
  12 white imps
  4 worms
  2 dart slugs
  71 orcs
  4 giant cockroaches
  25 goblins
  22 hobgoblins
  4 jackals
  11 kobolds
  2 quokkas
  18 bats
  9 frilled lizards
  7 rats
525 creatures vanquished.

Vanquished Creatures (collateral kills)
  A fire dragon (shapeshifter) (D:15)
  A hydra (D:13)
  A centaur warrior (D:14)
  2 two-headed ogres
  A deep elf mage (D:14)
  An ugly thing (D:14)
  A slime creature (D:15)
  2 orc warriors
  An ogre (D:5)
  A necrophage (D:6)
  An ice beast (D:14)
  2 centaurs
  A wyvern skeleton (D:13)
  A scorpion (D:13)
  A vampire bat (D:13)
  2 wights
  A crimson imp (D:5)
  A hound (D:4)
  3 orc wizards
  2 orc priests (Orc:2)
  Natasha (twice) (D:2)
  An adder (D:2)
  3 gnolls (D:4)
  An ooze (D:3)
  2 worms (D:2)
  3 dart slugs
  A leopard gecko (D:5)
  7 orcs
  A goblin (Bailey)
  A hobgoblin (Bailey)
  2 kobolds
51 creatures vanquished.

Vanquished Creatures (others)
  A two-headed ogre (Depths:1)
  An orc priest (Orc:2)
2 creatures vanquished.

Grand Total: 578 creatures vanquished

Notes
Turn   | Place    | Note
-------+----------+-------------------------------------------
     0 | D:1      | Jannitor the Ogre Wizard began the quest for the Orb.
     0 | D:1      | Reached XP level 1. HP: 16/16 MP: 5/5
    37 | D:1      | Reached skill level 1 in Conjurations
    80 | D:1      | Reached skill level 1 in Fighting
   227 | D:1      | Reached XP level 2. HP: 22/27 MP: 1/6
   458 | D:1      | Learned a level 2 spell: Blink
   461 | D:1      | Learned a level 2 spell: Call Imp
   464 | D:1      | Learned a level 2 spell: Slow
   954 | D:1      | Reached skill level 2 in Fighting
  1320 | D:2      | Reached XP level 3. HP: 35/35 MP: 6/8
  1394 | D:2      | Noticed Natasha
  1400 | D:2      | Killed Natasha
  1943 | D:2      | Reached XP level 4. HP: 44/44 MP: 5/10
  1991 | D:2      | Noticed Natasha
  2013 | D:2      | Killed Natasha
  2013 | D:2      | Reached skill level 3 in Fighting
  2694 | D:2      | Noticed Natasha
  2785 | D:2      | Killed Natasha
  3096 | D:2      | Reached XP level 5. HP: 53/53 MP: 7/11
  4833 | D:4      | Reached skill level 4 in Fighting
  4981 | D:4      | Learned a level 3 spell: Conjure Flame
  4985 | D:4      | Learned a level 3 spell: Mephitic Cloud
  5193 | D:4      | Reached skill level 5 in Spellcasting
  5193 | D:4      | Reached XP level 6. HP: 62/62 MP: 8/13
  5441 | D:4      | Found an ancient bone altar of Kikubaaqudgha.
  5531 | D:4      | Found a runed translucent door.
  5532 | D:4      | Noticed Crazy Yiuf
  5781 | D:5      | Entered Level 5 of the Dungeon
  5962 | D:5      | Reached skill level 5 in Fighting
  6047 | D:5      | Reached XP level 7. HP: 66/72 MP: 6/15
  6057 | D:5      | Noticed a hungry ghost
  6158 | D:4      | Killed a hungry ghost
  6462 | D:5      | Reached skill level 6 in Fighting
  6632 | D:5      | Found a staircase to the Ecumenical Temple.
  6642 | Temple   | Entered the Ecumenical Temple
  6766 | Temple   | Became a worshipper of Warmaster Okawaru
  6864 | D:5      | Identified the +7 quarterstaff of the Puffball {flame,
                  | Int+3}
  7303 | D:6      | Reached skill level 1 in Staves
  7368 | D:6      | Found Qualof's Jewellery Shop.
  7375 | D:6      | Noticed Menkaure
  7686 | D:6      | Killed Menkaure
  7686 | D:6      | Reached XP level 8. HP: 74/84 MP: 13/17
  8113 | D:6      | Reached * piety under Okawaru
  8113 | D:6      | Reached skill level 7 in Fighting
  8207 | D:6      | Reached skill level 5 in Conjurations
  8822 | D:7      | Reached XP level 9. HP: 78/96 MP: 14/20
  8845 | D:7      | Noticed Harold
  8850 | D:7      | Reached ** piety under Okawaru
  8850 | D:7      | Reached skill level 8 in Fighting
  8854 | D:7      | Killed Harold
  9092 | D:7      | Found a flagged portal.
  9102 | Bailey   | Entered a bailey
  9220 | Bailey   | Reached skill level 9 in Fighting
  9220 | Bailey   | Reached skill level 1 in Summonings
  9321 | Bailey   | Noticed an orc knight
  9539 | Bailey   | Identified the cursed +2 dire flail of the Reaper {crush,
                  | Int+3}
  9558 | Bailey   | Noticed an orc warlord
  9559 | Bailey   | Reached skill level 1 in Air Magic
  9894 | D:7      | Reached skill level 5 in Staves
 10516 | D:8      | Noticed a two-headed ogre
 10738 | D:8      | Reached XP level 10. HP: 106/106 MP: 8/22
 10751 | D:8      | Killed a two-headed ogre
 10933 | D:8      | Noticed Gastronok
 11166 | D:8      | Killed Gastronok
 11166 | D:8      | Reached *** piety under Okawaru
 11166 | D:8      | Reached **** piety under Okawaru
 11166 | D:8      | Reached skill level 10 in Fighting
 11812 | D:10     | Entered Level 10 of the Dungeon
 11850 | D:10     | Learned a level 1 spell: Animate Skeleton
 11854 | D:10     | Learned a level 3 spell: Regeneration
 11858 | D:10     | Learned a level 3 spell: Vampiric Draining
 11863 | D:10     | Learned a level 4 spell: Animate Dead
 11888 | D:10     | Noticed a two-headed ogre
 11906 | D:10     | Killed a two-headed ogre
 11906 | D:10     | Reached ***** piety under Okawaru
 11906 | D:10     | Reached skill level 1 in Necromancy
 11923 | D:9      | Noticed a gargoyle
 12010 | D:10     | Killed a gargoyle
 12125 | D:9      | Found a transporter.
 12125 | D:9      | Noticed a moth of wrath
 12202 | D:9      | Noticed an ice dragon
 12202 | D:9      | Noticed Alannah's ghost (novice MiMo)
 12279 | D:9      | Reached XP level 11. HP: 110/118 MP: 24/24
 12318 | D:9      | Reached skill level 11 in Fighting
 12548 | D:9      | Reached skill level 10 in Spellcasting
 12710 | D:9      | Found a transporter.
 13481 | D:10     | Noticed a cyclops
 13505 | D:10     | Killed a cyclops
 13971 | D:11     | Noticed a two-headed ogre
 14002 | D:11     | Killed a two-headed ogre
 14412 | D:11     | Found a staircase to the Lair.
 14422 | D:11     | Noticed a brown ugly thing
 14424 | D:11     | Received a gift from Okawaru
 14455 | D:11     | Killed a green ugly thing
 14455 | D:11     | Reached skill level 12 in Fighting
 14495 | D:11     | Noticed a death knight
 14503 | D:11     | Noticed a phantasmal warrior
 14508 | D:11     | Noticed a phantasmal warrior
 14529 | D:11     | Killed a death knight
 14792 | D:11     | Noticed a cyclops
 14813 | D:10     | Killed a cyclops
 15063 | D:11     | Killed a phantasmal warrior
 15131 | D:11     | Reached skill level 5 in Necromancy
 15623 | D:11     | Reached skill level 1 in Axes
 15793 | D:12     | Noticed a four-headed hydra
 15805 | D:12     | Killed a two-headed hydra
 15805 | D:12     | Reached XP level 12. HP: 68/133 MP: 22/27
 16263 | D:12     | Reached skill level 13 in Fighting
 16723 | D:11     | Received a gift from Okawaru
 16723 | D:11     | Reached skill level 5 in Axes
 16726 | D:11     | Got a faintly glowing war axe {god gift}
 16727 | D:11     | Identified the +1 war axe of the Poles {chop, Stlth+}
                  | (Okawaru gifted it to you on level 11 of the Dungeon)
 16978 | D:12     | Reached skill level 1 in Armour
 17089 | D:12     | Found a staircase to the Orcish Mines.
 17095 | D:12     | Noticed a seven-headed hydra
 17095 | D:12     | Noticed a two-headed ogre
 17102 | D:12     | Killed a six-headed hydra
 17555 | D:12     | Killed a two-headed ogre
 17868 | D:12     | Noticed a centaur warrior
 17888 | D:12     | Killed a centaur warrior
 18183 | Orc:1    | Entered Level 1 of the Orcish Mines
 18183 | Orc:1    | Found Haank's Assorted Antiques.
 18204 | Orc:1    | Bought a papyrus book for 330 gold pieces
 18213 | Orc:1    | Noticed Josephine
 18381 | D:13     | Reached skill level 14 in Fighting
 18517 | D:13     | Noticed a two-headed ogre
 18527 | D:13     | Killed a two-headed ogre
 18692 | D:13     | Found Maoh's Weapon Emporium.
 18750 | D:13     | Noticed a four-headed hydra
 18760 | D:13     | Killed a three-headed hydra
 18760 | D:13     | Received a gift from Okawaru
 18761 | D:13     | Found the +7 lajatang of Order {silver, rMut}
 18894 | D:13     | Noticed a centaur warrior
 18908 | D:13     | Killed a centaur warrior
 18908 | D:13     | Reached XP level 13. HP: 135/146 MP: 28/28
 18972 | D:13     | Got a transparent war axe
 18973 | D:13     | Identified the +9 war axe of the Queen {flame, rPois rF+
                  | MR-} (You found it on level 13 of the Dungeon)
 19302 | D:13     | Reached skill level 1 in Charms
 20142 | D:4      | Killed Crazy Yiuf
 20470 | Orc:1    | Noticed an ettin
 20982 | D:14     | Reached skill level 1 in Invocations
 21497 | D:14     | Found a runed translucent gate.
 21497 | D:14     | Noticed a merfolk javelineer
 21498 | D:14     | Found a runed translucent gate.
 21499 | D:14     | Found a runed translucent gate.
 21499 | D:14     | Identified the +4 ring mail of the Valley {rElec rCorr
                  | Str+2}
 21500 | D:14     | Noticed a stone giant
 21503 | D:14     | Noticed Revguard's ghost (journeyman HOFi)
 21506 | D:14     | Found an iron altar of Okawaru.
 21960 | D:14     | Reached skill level 5 in Invocations
 22053 | D:14     | Found a shattered altar of Ashenzari.
 22229 | D:14     | Received a gift from Okawaru
 22356 | D:14     | Found a gate to the Vaults.
 22454 | D:15     | Entered Level 15 of the Dungeon
 23078 | D:15     | Noticed Nessos
 23091 | D:15     | Killed Nessos
 23468 | D:15     | Noticed Roxanne
 23673 | D:15     | Noticed a fire dragon
 23685 | D:15     | Killed a fire dragon
 24104 | D:13     | Reached XP level 14. HP: 135/157 MP: 29/29
 24206 | D:12     | Killed Josephine
 24773 | D:12     | Found a staircase to the Orcish Mines.
 25412 | Orc:1    | Found a runed translucent door.
 25472 | Orc:1    | Noticed Naseomeu's ghost (journeyman DDFi)
 25593 | Orc:1    | Killed Naseomeu's ghost
 25593 | Orc:1    | Reached skill level 5 in Armour
 25781 | Orc:2    | Entered Level 2 of the Orcish Mines
 25857 | Orc:1    | Noticed Erolcha
 25867 | Orc:2    | Killed Erolcha
 25939 | Orc:2    | Found a staircase to the Elven Halls.
 25992 | Orc:2    | Noticed an orc warlord
 27552 | D:15     | Reached skill level 15 in Fighting
 28902 | D:14     | Found a runed translucent gate.
 28902 | D:14     | Found a runed translucent gate.
 29063 | D:14     | Found a runed translucent gate.
 29063 | D:14     | Found an iron altar of Okawaru.
 29074 | D:14     | Found a shattered altar of Ashenzari.
 29122 | D:14     | Found a gate to the Vaults.
 30745 | Orc:2    | Noticed Blork the orc
 30787 | Orc:1    | Killed an orc warlord
 31273 | Orc:2    | Noticed Azrael
 31473 | Orc:1    | Killed Azrael
 31626 | Orc:2    | Killed Blork the orc
 31794 | Orc:2    | Found a roughly hewn altar of Beogh.
 32157 | Orc:1    | Received a gift from Okawaru
 32451 | Orc:2    | Found Cunk's Antique Armour Boutique.
 32896 | Orc:2    | Bought an ichor-stained cloak for 190 gold pieces
 32906 | Orc:2    | Identified the cursed +0 cloak "Suedun" {*Contam Dex+5}
                  | (You bought it in a shop on level 2 of the Orcish Mines)
 32914 | Orc:2    | Found Biomat's Antique Weapon Boutique.
 32920 | Orc:2    | Reached skill level 10 in Axes
 32974 | Orc:2    | Gained mutation: Your body sometimes deteriorates upon
                  | taking damage. [mutagenic glow]
 33157 | Orc:2    | Lost mutation: Your body sometimes deteriorates upon taking
                  | damage. [potion of mutation]
 33157 | Orc:2    | Gained mutation: You have a pair of small antennae on your
                  | head. [potion of mutation]
 33157 | Orc:2    | Gained mutation: Your muscles are strong. (Str +2) [potion
                  | of mutation]
 33157 | Orc:2    | Gained mutation: Your flesh is heat resistant. (rF+)
                  | [potion of mutation]
 33167 | Orc:2    | Found Aceczoto's Book Boutique.
 33192 | Orc:2    | Found Gommaaga's General Store.
 33481 | Orc:2    | Found a shimmering altar of Xom.
 34275 | Orc:2    | Learned a level 5 spell: Irradiate
 35145 | D:15     | Reached skill level 1 in Transmutations
 35367 | D:15     | Found a portal to a secret trove of treasure.
 35951 | D:15     | Found a staircase to the Depths.
 36330 | D:15     | Gained mutation: Your magical capacity is low. (-10% MP) [a
                  | shining eye]
 36331 | D:15     | Reached XP level 15. HP: 167/169 MP: 24/27
 36454 | Depths:1 | Entered Level 1 of the Depths
 36467 | Depths:1 | Found a gateway to a bazaar.
 36474 | Bazaar   | Entered a bazaar
 36474 | Bazaar   | Found Jymodghye's Gadget Shoppe.
 36474 | Bazaar   | Found Xipti's Magic Scroll Shoppe.
 36474 | Bazaar   | Found Jasigavu's Antique Armour Boutique.
 36799 | Bazaar   | Found Gimom's General Store.
 36819 | Bazaar   | Found Qaugul's Antique Weapon Boutique.
 36844 | Bazaar   | Bought a fan of gales for 320 gold pieces
 36844 | Bazaar   | Bought a scroll of teleportation for 24 gold pieces
 36844 | Bazaar   | Bought a potion of magic for 64 gold pieces
 36870 | Bazaar   | Bought a scroll of enchant weapon for 45 gold pieces
 36870 | Bazaar   | Bought a scroll of magic mapping for 21 gold pieces
 36870 | Bazaar   | Bought a scroll of blinking for 45 gold pieces
 36870 | Bazaar   | Bought a scroll of summoning for 57 gold pieces
 36870 | Bazaar   | Bought a scroll of brand weapon for 120 gold pieces
 36870 | Bazaar   | Bought a scroll of brand weapon for 120 gold pieces
 36870 | Bazaar   | Bought a scroll of enchant armour for 45 gold pieces
 36920 | Depths:1 | Reached skill level 16 in Fighting
 36936 | Depths:1 | Mangled by a deep elf sorcerer simulacrum

Skill      XL: |  1  2  3  4  5  6  7  8  9 10 11 12 13 14 15 |
---------------+----------------------------------------------+-----
Conjurations   | 1 2 3 4 5 6 |  6.2
Fighting       | 1 2 3 4 5 6 7 9 10 12 14 15 16 | 16.0
Spellcasting   | 4 5 6 7 8 9 11 | 11.3
Staves         | 1 3 5 |  5.5
Summonings     | 2 3 |  3.9
Air Magic      | 1 3 |  3.7
Necromancy     | 1 5 |  5.4
Axes           | 2 8 10 | 10.5
Armour         | 3 4 7 |  7.3
Charms         | 1 |  1.5
Invocations    | 9 |  9.8
Dodging        | 2 3 |  3.6
Transmutations | 1 2 |  2.7
Stealth        | |  1.4
Translocations | |  0.8

Action                   |  1- 3 |  4- 6 |  7- 9 | 10-12 | 13-15 || total
-------------------------+-------+-------+-------+-------+-------++-------
Melee: Unarmed           |     1 |       |       |       |       ||     1
       Dagger            |       |    40 |    15 |       |       ||    55
       Quarterstaff      |       |       |   120 |   245 |       ||   365
       Broad axe         |       |       |       |   180 |   891 ||  1071
       Punch             |       |       |       |       |     6 ||     6
Throw: Tomahawk          |     1 |     4 |     1 |       |       ||     6
 Cast: Magic Dart        |    71 |   131 |   118 |   162 |    35 ||   517
       Call Imp          |     9 |    33 |    57 |    29 |    27 ||   155
       Mephitic Cloud    |       |     1 |    14 |    43 |    41 ||    99
       Blink             |       |       |     1 |    13 |    10 ||    24
       Conjure Flame     |       |       |     3 |    24 |    26 ||    53
       Slow              |       |       |     1 |     1 |       ||     2
       Regeneration      |       |       |       |    11 |    38 ||    49
       Animate Dead      |       |       |       |    13 |    30 ||    43
       Vampiric Draining |       |       |       |     3 |    37 ||    40
Invok: Heroism           |       |       |     2 |    14 |    55 ||    71
       Finesse           |       |       |       |       |     5 ||     5
Evoke: Wand              |       |       |    12 |    35 |    14 ||    61
  Use: Potion            |     1 |     1 |     3 |     1 |    14 ||    20
       Scroll            |     3 |     4 |     7 |    14 |    22 ||    50
 Stab: Confused          |       |     1 |     1 |     7 |    12 ||    21
       Sleeping          |       |       |     1 |       |       ||     1
       Distracted        |       |       |       |     1 |     7 ||     8
       Paralysed         |       |       |       |       |     9 ||     9
       Invisible         |       |       |       |       |     2 ||     2
  Eat: Chunk             |     3 |    12 |    12 |    22 |     9 ||    58
       Ration            |       |       |     2 |     2 |    15 ||    19
Armor: Robe              |     7 |    21 |    47 |   119 |       ||   194
       Troll leather arm |       |       |       |    98 |   125 ||   223
       Acid dragon scale |       |       |       |       |   255 ||   255
Dodge: Dodged            |    17 |    52 |    56 |   232 |   573 ||   930
       Deflected         |       |       |       |     3 |       ||     3
